 Dungeon Crawl Stone Soup version 0.24.0-13-gcf9b319 (webtiles) character file.

Game seed: 4457621048748054583, levelgen mode: deterministic

158747 Balder the Peltast (level 17, -4/152 HPs)
             Began as a Minotaur Fighter on Feb 25, 2020.
             Was the Champion of Okawaru.
             Slain by a deep elf blademaster
             ... wielding a +0 short sword
              (12 damage)
             ... on level 3 of the Elven Halls on Feb 29, 2020.
             The game lasted 03:12:53 (35246 turns).

Balder the Peltast (Minotaur Fighter)              Turns: 35246, Time: 03:12:53

Health: -4/152     AC: 28    Str: 27 (28) XL:     17   Next: 15%
Magic:  17/22      EV: 36    Int:  5      God:    Okawaru [******]
Gold:   703        SH: 18    Dex: 14      Spells: 16/16 levels left

rFire    + + .     SeeInvis .   a - +4 eveningstar (drain)
rCold    + . .     Gourm    .   U - +1 shield {reflect}
rNeg     . . .     Faith    .   n - +5 chain mail {rF+}
rPois    +         Spirit   .   p - +1 hat {MR+}
rElec    +         Reflect  +   m - scarf {rC+ rF+}
rCorr    .         Harm     .   v - +2 pair of gloves
MR       ++...                  e - +2 pair of boots "Vima" {rElec Dex-2 Stlth+}
Stlth    +.........             D - amulet of the acrobat
HPRegen  0.35/turn              W - +6 ring of strength
MPRegen  0.18/turn              C - +3 ring of evasion

@: about to teleport, heroism, finesse, acrobat
A: retaliatory headbutt, horns 2, deterioration 1, poison resistance
a: Heroism, Finesse, Renounce Religion


You were on level 3 of the Elven Halls.
You worshipped Okawaru.
Okawaru was exalted by your worship.
You were hungry.

You visited 5 branches of the dungeon, and saw 26 of its levels.
You also visited: Ossuary.

You collected 2097 gold pieces.
You spent 1394 gold pieces at shops.

Inventory:

Hand Weapons
 a - a +4 eveningstar of draining (weapon)
 b - a +0 hand crossbow
 g - the +4 long sword of the Living Dead {freeze, rPois rC+}
   (Okawaru gifted it to you on level 14 of the Dungeon)

   It has been specially enchanted to freeze those struck by it, causing extra
   injury to most foes and up to half again as much damage against particularly
   susceptible opponents.
   It can also slow down cold-blooded creatures.
   It protects you from cold.
   It protects you from poison.
 r - a +4 long sword of holy wrath
 y - a +2 demon trident of flaming
 Y - the +3 spear of Vagan {flame, rC++ Str+2 Int+2}
   (You found it on level 6 of the Lair of Beasts)

   It has been specially enchanted to burn those struck by it, causing extra
   injury to most foes and up to half again as much damage against particularly
   susceptible opponents.
   It affects your strength (+2).
   It affects your intelligence (+2).
   It greatly protects you from cold.
Missiles
 J - 98 bolts
Armour
 c - a +1 plate armour of cold resistance
 e - the +2 pair of boots "Vima" (worn) {rElec Dex-2 Stlth+}
   (You found it on level 2 of the Lair of Beasts)

   It affects your dexterity (-2).
   It insulates you from electricity.
   It makes you more stealthy.
 h - the +0 chain mail "Uhuostar" {*Slow rElec rPois SInv}
   (You found it on level 3 of the Elven Halls)

   It insulates you from electricity.
   It protects you from poison.
   It lets you see invisible.
   It may slow you when you take damage.
 l - a scarf of spirit shield
 m - a scarf of resistance (worn)
 n - a +5 chain mail of fire resistance (worn)
 p - a +1 hat of magic resistance (worn)
 v - a +2 pair of gloves (worn)
 x - the +3 buckler of the Lotus Blossom {+Fly rCorr Dex+2}
   (Okawaru gifted it to you on level 6 of the Lair of Beasts)

   It affects your dexterity (+2).
   It lets you fly.
   It provides partial protection from all sources of acid and corrosion.
 H - a +3 large shield
 U - a +1 shield of reflection (worn)
Jewellery
 k - an uncursed ring of flight
 B - an uncursed amulet of magic regeneration
 C - a +3 ring of evasion (right hand)
 D - an amulet of the acrobat (around neck)
 F - a +3 ring of protection
 Q - an uncursed ring of stealth
 R - an uncursed ring of protection from fire
 V - an uncursed ring of resist corrosion
 W - a +6 ring of strength (left hand)
Wands
 d - a wand of digging (5)
 u - a wand of scattershot (4)
 G - a wand of disintegration (9)
 I - a wand of random effects (28)
 N - a wand of paralysis (7)
 S - a wand of acid (13)
Scrolls
 i - a scroll of silence
 j - 5 scrolls of enchant armour
 s - 5 scrolls of teleportation
 t - 4 scrolls of remove curse
 A - 2 scrolls of fear
 E - 3 scrolls of magic mapping
 K - 3 scrolls of immolation
 P - 9 scrolls of identify
Potions
 o - 3 potions of agility
 q - a potion of heal wounds
 w - 3 potions of flight
 z - a potion of invisibility
 L - a potion of resistance
 O - a potion of might
 X - a potion of curing
Miscellaneous
 M - a phial of floods
 T - a phantom mirror
Comestibles
 f - 6 rations


   Skills:
 * Level 14.0(19.0) Fighting
   Level 0.1(8.4) Short Blades
 * Level 6.2(11.2) Long Blades
 + Level 14.2(19.2) Maces & Flails
 - Level 5.3(10.3) Polearms
 * Level 6.9(11.9) Crossbows
 - Level 6.4(11.4) Throwing
 * Level 13.3(18.3) Armour
 * Level 10.5(15.5) Dodging
 + Level 2.0(7.0) Stealth
 * Level 17.0(22.0) Shields
 - Level 3.4(8.4) Unarmed Combat
 + Level 0.4 Spellcasting
 * Level 9.1 Invocations
 + Level 1.2 Evocations


You had 16 spell levels left.
You didn't know any spells.
Your spell library contained the following spells:

 Spells                   Type           Power        Failure   Level  Hunger
 Animate Skeleton         Necr           N/A          85%         1    ##.....
 Apportation              Tloc           #.....       85%         1    ##.....
 Beastly Appendage        Tmut           #.....       85%         1    ##.....
 Confusing Touch          Hex            #.....       85%         1    ##.....
 Infusion                 Chrm           #...         85%         1    ##.....
 Magic Dart               Conj           #...         85%         1    ##.....
 Sandblast                Erth           #.....       85%         1    ##.....
 Summon Small Mammal      Summ           #...         85%         1    ##.....
 Blink                    Tloc           N/A          94%         2    ###....
 Call Imp                 Summ           #.......     94%         2    ###....
 Passwall                 Tmut/Erth      #.......     94%         2    ###....
 Shroud of Golubria       Chrm/Tloc      #.....       94%         2    ###....
 Slow                     Hex            #.......     94%         2    ###....
 Song of Slaying          Chrm           #.......     94%         2    ###....
 Sticks to Snakes         Tmut           #.......     94%         2    ###....
 Confuse                  Hex            #.......     99%         3    ####...
 Conjure Flame            Conj/Fire      #.......     99%         3    ####...
 Gell's Gravitas          Tloc           #.........   99%         3    ####...
 Mephitic Cloud           Conj/Pois/Air  #.......     99%         3    ####...
 Regeneration             Chrm/Necr      #.........   99%         3    ####...
 Spectral Weapon          Hex/Chrm       #.......     99%         3    ####...
 Spider Form              Tmut/Pois      #.........   99%         3    ####...
 Stone Arrow              Conj/Erth      #.....       99%         3    ####...
 Ice Form                 Ice/Tmut       #.......     100%        4    #####..
 Petrify                  Tmut/Erth      #.......     100%        4    #####..
 Blade Hands              Tmut           #.........   100%        5    ######.
 Borgnjor's Vile Clutch   Necr/Erth      #.........   100%        5    ######.
 Lee's Rapid Deconstruct  Erth           #.........   100%        5    ######.
 Metabolic Englaciation   Hex/Ice        #.........   100%        5    ######.
 Yara's Violent Unravell  Hex/Tmut       #.........   100%        5    ######.
 Simulacrum               Ice/Necr       #.........   100%        6    #######


Dungeon Overview and Level Annotations

Branches:
Dungeon (14/15)            Temple (1/1) D:6            Lair (6/6) D:9
 Shoals (0/4) Lair:4       Spider (0/4) Lair:3        Slime (0/5) Lair:6
    Orc (2/2) D:11            Elf (3/3) Orc:2        Vaults (0/5) D:14
Ossuary (visited)

Altars:
Cheibriados
Dithmenos
Fedhas
Hepliaklqana
Kikubaaqudgha
Okawaru
Qazlal
Ru
Sif Muna
Trog
Xom
Yredelemnul
Zin
Beogh

Shops:
D:4 *   D:6 !   D:13 *   Orc:2 [=*(   Elf:1 ?   Elf:3 ?

Annotations:
D:12 Fannar
Lair:4 exclusion: oklob plant


Innate Abilities, Weirdness & Mutations

You reflexively headbutt those who attack you in melee.
You have a pair of horns on your head.
Your body sometimes deteriorates upon taking damage.
Your system is resistant to poisons. (rPois)


Message History

You block the +0 halberd of protection's attack.
You block the deep elf blademaster's attack.
The deep elf blademaster hits you but does no damage.
The deep elf annihilator gestures wildly while chanting.
The deep elf annihilator blinks!
Cornered, the deep elf elementalist turns to fight!
The soul eater draws from the surrounding life force!
* * * LOW HITPOINT WARNING * * *
The deep elf master archer mutters, "Damn and blast!"
Cornered, the deep elf master archer turns to fight!
The deep elf blademaster completely misses you.
The deep elf blademaster hits you but does no damage.
The balrug gestures at you. Something smites you!
* * * LOW HITPOINT WARNING * * *
The shadow demon gestures.
The shadow demon gestures.
You block the deep elf blademaster's attack.
The deep elf blademaster hits you with a +0 short sword!
You die...

..............................#..
..............................+..
#########+#######+###########'#..
.....#.........#........,#....##.
.....'.....)...#........,#.....##
.....#.........'........,+......#
################[#######*#####...
*** #.# ***#... *,*** #@#
***,*##'# *,,,*** #e# ***,,,*#...
*,,,,,*** #(# ***,,,,,*#.[.
*,*,,,,,***#)#***,,,,,*,*#...
*,***,,,,,*#e#*,,,,,*,*,*#...
*,,****,,,e2e(e2,,*,**,,*#...
*,,,,***3,eee{e,,**,,,,,*###'
*,,,,,**ee2e2e34,*,,,,,,*#...
*,,,,,,*e*4eee4.3*,,,,,,*#...


You could see a deep elf blademaster, a ghostly deep elf blademaster, a balrug,
a deep elf master archer, 2 deep elf death magi, a deep elf sorcerer, a shadow
demon, a deep elf archer and 2 dancing weapons.

Vanquished Creatures
  Donald (Elf:3)
  2 deep elf sorcerers
  An orc warlord (Orc:2)
  Nessos (D:12)
  5 dire elephants (Lair:6)
  2 deep elf annihilators (Elf:3)
  2 deep elf death magi
  A vault guard (D:14)
  A deep elf high priest (Elf:3)
  Harold (D:9)
  An anaconda (Lair:6)
  6 hydras
  2 two-headed ogres
  23 dancing weapons
  2 tengu warriors
  12 death yaks
  2 orc high priests
  Sonja (D:12)
  11 deep elf knights
  6 unseen horrors
  7 deep elf archers
  2 orc knights (Orc:2)
  3 necromancers
  6 orc sorcerers (Orc:2)
  Pikel (D:7)
  10 ugly things
  4 oklob plants
  32 deep elf magi
  A large abomination (Elf:1)
  3 black mambas
  11 elephants
  Psyche (D:11)
  8 spiny frogs
  A komodo dragon (shapeshifter) (Elf:2)
  6 komodo dragons
  2 merfolk (Lair:4)
  A troll (shapeshifter) (Elf:3)
  3 meliai (D:14)
  A polar bear (Lair:6)
  2 hornets
  2 hornets (shapeshifter) (Elf:3)
  13 blink frogs
  6 hippogriffs
  An air elemental (Elf:2)
  3 redbacks (Lair:3)
  7 water elementals
  A wyvern (D:11)
  29 yaks
  A vampire (D:14)
  11 basilisks
  4 hogs (D:12)
  5 hungry ghosts
  7 vampire mosquitoes (D:14)
  2 steam dragons (D:10)
  Menkaure (D:5)
  8 water moccasins
  5 porcupines
  32 orc warriors
  3 sky beasts
  2 ice beasts
  4 black bears
  2 necrophages
  A phantom (D:14)
  14 wolves
  14 ogres
  8 centaurs
  8 crocodiles
  4 elf zombies
  Blork the orc (D:6)
  2 big kobolds
  18 bullfrogs
  A gnoll sergeant (D:9)
  An earth elemental (Elf:3)
  A water moccasin zombie (D:11)
  3 wyvern skeletons
  2 scorpions
  55 killer bees
  7 wights
  3 electric eels
  4 jellies
  7 crimson imps
  A quasit (D:11)
  4 centaur zombies
  3 hounds
  2 bullfrog zombies
  3 centaur skeletons
  10 orc priests
  Crazy Yiuf (D:7)
  A bullfrog skeleton (D:9)
  A human zombie (Ossuary)
  18 orc wizards
  A hell rat (Lair:4)
  A polar bear simulacrum (Lair:2)
  13 worker ants
  2 yak simulacra (Lair:2)
  5 wolf simulacra (Lair:2)
  A hound skeleton (D:10)
  2 mummies (Ossuary)
  3 worker ant zombies
  A howler monkey zombie (D:6)
  13 adders
  4 gnolls (D:9)
  5 shadow imps
  4 oozes
  An adder zombie (Ossuary)
  5 adder skeletons
  A worm (D:3)
  3 dart slugs
  5 leopard geckos
  72 orcs
  2 ball pythons
  5 bats
  7 giant cockroaches
  10 goblins
  12 hobgoblins
  9 jackals
  20 kobolds
  A quokka (D:12)
  6 frilled lizards
  2 goblin zombies (Ossuary)
  9 hobgoblin zombies (Ossuary)
  4 jackal zombies
  9 kobold zombies (Ossuary)
  7 orc zombies (Ossuary)
  12 rats
  3 rat zombies (Ossuary)
  3 river rat simulacra (Lair:2)
  2 crawling corpses (Elf:3)
  7 plants
807 creatures vanquished.

Vanquished Creatures (others)
  Kirke (D:12)
  3 deep elf knights (Elf:2)
  A cyclops (D:12)
  A water elemental (D:12)
  A human (D:12)
  An acid dragon (D:12)
  A scorpion (D:12)
  An electric eel (D:12)
  A bullfrog skeleton (D:12)
  A worker ant (D:11)
  20 fungi
  9 plants
  5 toadstools (D:1)
46 creatures vanquished.

Grand Total: 853 creatures vanquished

Notes
Turn   | Place    | Note
-------+----------+-------------------------------------------
     0 | D:1      | Balder the Minotaur Fighter began the quest for the Orb.
     0 | D:1      | Reached XP level 1. HP: 19/19 MP: 0/0
    97 | D:1      | Reached XP level 2. HP: 27/27 MP: 1/1
   122 | D:1      | Reached skill level 4 in Shields
   187 | D:1      | Reached XP level 3. HP: 32/33 MP: 2/2
   523 | D:2      | Reached XP level 4. HP: 31/40 MP: 3/3
   710 | D:2      | Reached skill level 1 in Dodging
  1205 | D:2      | Found a snail-covered altar of Cheibriados.
  1205 | D:2      | Found a shimmering altar of Xom.
  1622 | D:3      | Reached XP level 5. HP: 26/46 MP: 4/4
  2534 | D:4      | Found Loupoile's Mass Market.
  2702 | D:4      | Reached skill level 5 in Maces & Flails
  2702 | D:4      | Reached XP level 6. HP: 53/53 MP: 5/5
  2795 | D:4      | Reached skill level 1 in Unarmed Combat
  2810 | D:4      | Reached skill level 1 in Throwing
  2810 | D:4      | Reached skill level 5 in Shields
  3147 | D:4      | Bought a +2 large shield for 181 gold pieces
  3210 | D:5      | Entered Level 5 of the Dungeon
  3270 | D:5      | Reached skill level 5 in Armour
  3333 | D:5      | Reached XP level 7. HP: 57/60 MP: 6/6
  3817 | D:5      | Found an ancient bone altar of Kikubaaqudgha.
  3817 | D:5      | Noticed Menkaure
  3834 | D:5      | HP: 3/60 [Menkaure (5)]
  3835 | D:5      | Killed Menkaure
  4473 | D:5      | Found a shadowy altar of Dithmenos.
  4523 | D:6      | Reached skill level 6 in Shields
  4543 | D:5      | Reached XP level 8. HP: 22/67 MP: 7/7
  4763 | D:6      | Found Zeeluj's Distillery.
  4824 | D:6      | Found a staircase to the Ecumenical Temple.
  4828 | D:6      | Reached skill level 5 in Fighting
  4874 | Temple   | Entered the Ecumenical Temple
  4884 | Temple   | Became a worshipper of Warmaster Okawaru
  5163 | D:6      | Noticed Blork the orc
  5175 | D:6      | Killed Blork the orc
  5215 | D:6      | Reached skill level 7 in Shields
  5734 | D:6      | Reached * piety under Okawaru
  6047 | D:7      | Found a sand-covered staircase.
  6058 | Ossuary  | Entered an ossuary
  6185 | Ossuary  | Reached XP level 9. HP: 58/75 MP: 8/8
  6195 | Ossuary  | Reached skill level 8 in Shields
  6568 | D:7      | Noticed Pikel
  6595 | D:7      | Killed Pikel
  6633 | D:7      | Reached ** piety under Okawaru
  6893 | D:7      | Found a runed translucent door.
  6894 | D:7      | Noticed Crazy Yiuf
  6910 | D:7      | Killed Crazy Yiuf
  7004 | D:7      | Found a glowing silver altar of Zin.
  7004 | D:7      | Noticed an angel
  7300 | D:8      | Reached skill level 9 in Shields
  7333 | D:8      | Reached skill level 1 in Invocations
  8054 | D:9      | Noticed Harold
  8078 | D:9      | Killed Harold
  8078 | D:9      | Reached XP level 10. HP: 73/84 MP: 10/10
  8151 | D:9      | Reached *** piety under Okawaru
  8219 | D:9      | Found a stormy altar of Qazlal.
  8250 | D:9      | Found a staircase to the Lair.
  9138 | D:9      | Found a sacrificial altar of Ru.
  9507 | D:10     | Entered Level 10 of the Dungeon
  9593 | D:10     | Reached skill level 10 in Shields
  9710 | D:10     | Reached skill level 10 in Maces & Flails
  9714 | D:10     | Received a gift from Okawaru
  9821 | D:10     | Identified the +8 flail of Hukkestryg {freeze, *Noise
                  | Int+4}
  9944 | D:10     | Reached skill level 5 in Dodging
 10424 | Lair:1   | Entered Level 1 of the Lair of Beasts
 10432 | Lair:1   | Noticed a spiny frog
 10807 | D:9      | Reached **** piety under Okawaru
 11038 | D:9      | Killed a spiny frog
 11375 | Lair:1   | Noticed a spiny frog
 11523 | D:9      | Reached skill level 11 in Shields
 11525 | D:9      | Reached XP level 11. HP: 85/92 MP: 12/12
 11636 | D:9      | Received a gift from Okawaru
 12083 | Lair:1   | Received a gift from Okawaru
 13242 | Lair:1   | Reached ***** piety under Okawaru
 13543 | Lair:2   | Reached skill level 12 in Shields
 13902 | Lair:2   | Got a pair of transparent boots
 13913 | Lair:2   | Identified the +2 pair of boots "Vima" {rElec Dex-2 Stlth+}
                  | (You found it on level 2 of the Lair of Beasts)
 13989 | Lair:2   | Received a gift from Okawaru
 14253 | Lair:2   | Noticed a necromancer
 14275 | Lair:2   | Killed a necromancer
 14275 | Lair:2   | Reached skill level 5 in Throwing
 15406 | Lair:3   | Found a hole to the Spider Nest.
 15493 | Lair:3   | Received a gift from Okawaru
 15493 | Lair:3   | Reached XP level 12. HP: 82/103 MP: 14/14
 15565 | Lair:3   | Noticed a six-headed hydra
 15579 | Lair:3   | Killed a six-headed hydra
 15580 | Lair:3   | Reached skill level 13 in Shields
 15877 | Lair:3   | Noticed a death yak
 15877 | Lair:3   | Noticed a death yak
 15878 | Lair:3   | Noticed a death yak
 15889 | Lair:3   | Killed a death yak
 15897 | Lair:3   | Killed a death yak
 15897 | Lair:3   | Reached skill level 5 in Invocations
 15904 | Lair:3   | Killed a death yak
 16084 | Lair:3   | Found a shimmering blue altar of Sif Muna.
 16483 | Lair:4   | Noticed a death yak
 16484 | Lair:4   | Noticed a death yak
 16485 | Lair:4   | Noticed a death yak
 16485 | Lair:4   | Noticed a death yak
 16488 | Lair:4   | Noticed a six-headed hydra
 16501 | Lair:4   | Killed a death yak
 16507 | Lair:4   | Killed a six-headed hydra
 16507 | Lair:4   | Reached ****** piety under Okawaru
 16507 | Lair:4   | Received a gift from Okawaru
 16512 | Lair:4   | Killed a death yak
 16518 | Lair:4   | Killed a death yak
 16528 | Lair:4   | Killed a death yak
 16531 | Lair:4   | Got a smoking dire flail {god gift}
 16556 | Lair:4   | Identified the +12 dire flail of the Dragonfly {freeze,
                  | *Slow +Rage rPois Int+5} (Okawaru gifted it to you on level
                  | 4 of the Lair of Beasts)
 17196 | Lair:4   | Found a staircase to the Shoals.
 17302 | Lair:4   | Noticed a four-headed hydra
 17308 | Lair:4   | Killed a four-headed hydra
 17418 | Lair:4   | Received a gift from Okawaru
 17438 | Lair:4   | Reached skill level 14 in Shields
 17438 | Lair:4   | Reached XP level 13. HP: 106/111 MP: 16/16
 18213 | Lair:5   | Received a gift from Okawaru
 19283 | Lair:6   | Entered Level 6 of the Lair of Beasts
 19294 | Lair:6   | Reached skill level 10 in Armour
 19316 | Lair:6   | Found a staircase to the Slime Pits.
 19513 | Lair:6   | Reached skill level 1 in Crossbows
 19819 | Lair:6   | Reached skill level 10 in Fighting
 20770 | Lair:6   | Gained mutation: Your system is resistant to poisons.
                  | (rPois) [potion of mutation]
 20770 | Lair:6   | Gained mutation: You are dopey. (Int -2) [potion of
                  | mutation]
 20770 | Lair:6   | Gained mutation: Your body sometimes deteriorates upon
                  | taking damage. [potion of mutation]
 20770 | Lair:6   | Lost mutation: You are dopey. (Int -2) [potion of mutation]
 20785 | Lair:6   | Got a crystal spear
 20803 | Lair:6   | Identified the +3 spear of Vagan {flame, rC++ Str+2 Int+2}
                  | (You found it on level 6 of the Lair of Beasts)
 21201 | Lair:6   | Received a gift from Okawaru
 21211 | Lair:6   | Got a distressingly furry buckler {god gift}
 21222 | Lair:6   | Identified the +3 buckler of the Lotus Blossom {+Fly rCorr
                  | Dex+2} (Okawaru gifted it to you on level 6 of the Lair of
                  | Beasts)
 21229 | Lair:6   | Noticed a dire elephant
 21229 | Lair:6   | Noticed a dire elephant
 21253 | Lair:6   | Noticed a dire elephant
 21432 | Lair:6   | Noticed a dire elephant
 21553 | Lair:6   | Noticed a dire elephant
 21615 | Lair:6   | Killed a dire elephant
 21692 | Lair:6   | Killed a dire elephant
 21692 | Lair:6   | Reached skill level 1 in Polearms
 21692 | Lair:6   | Reached skill level 15 in Shields
 21819 | Lair:6   | Killed a dire elephant
 21983 | Lair:6   | Killed a dire elephant
 22029 | Lair:6   | Noticed a dire elephant
 22045 | Lair:6   | Killed a dire elephant
 22759 | Lair:6   | Reached XP level 14. HP: 79/122 MP: 18/18
 23299 | D:11     | Noticed Psyche
 23314 | D:11     | Killed Psyche
 23338 | D:11     | Found a staircase to the Orcish Mines.
 23439 | D:11     | Found a roughly hewn altar of Beogh.
 24480 | Orc:1    | Entered Level 1 of the Orcish Mines
 24563 | Orc:2    | Entered Level 2 of the Orcish Mines
 24563 | Orc:2    | Found Eduiqoil's Antique Armour Shop.
 24563 | Orc:2    | Noticed an orc warlord
 24898 | D:12     | Noticed Nessos
 24919 | D:12     | Killed Nessos
 25061 | D:12     | Noticed Sonja
 25218 | D:12     | Received a gift from Okawaru
 25233 | D:12     | Noticed Fannar
 25438 | D:12     | Reached skill level 1 in Stealth
 25585 | D:12     | Killed Sonja
 25654 | D:12     | Noticed Kirke
 25675 | D:12     | Killed Kirke
 26260 | D:13     | Found Ysieffeh's General Store.
 26312 | D:13     | Found a blossoming altar of Fedhas.
 26575 | D:13     | Reached skill level 5 in Polearms
 27004 | D:14     | Received a gift from Okawaru
 27163 | D:14     | Received a gift from Okawaru
 27186 | D:14     | Got a bloodstained long sword {god gift}
 27192 | D:14     | Identified the +4 long sword of the Living Dead {freeze,
                  | rPois rC+} (Okawaru gifted it to you on level 14 of the
                  | Dungeon)
 27517 | D:14     | Reached skill level 1 in Long Blades
 27576 | D:14     | Reached XP level 15. HP: 126/132 MP: 18/20
 28036 | D:14     | Found a gate to the Vaults.
 28245 | Orc:2    | Killed an orc warlord
 28284 | Orc:2    | Paralysed by an orc sorcerer for 7 turns
 28414 | Orc:2    | Received a gift from Okawaru
 28417 | Orc:2    | Reached XP level 16. HP: 114/139 MP: 19/21
 28466 | Orc:1    | Reached skill level 5 in Crossbows
 28688 | Orc:2    | Found a roughly hewn altar of Beogh.
 28801 | Orc:2    | Found Riylifu's Jewellery Shop.
 28802 | Orc:2    | Received a gift from Okawaru
 28872 | Orc:2    | Found a staircase to the Elven Halls.
 28984 | Orc:2    | Found Xahemp's General Store.
 29085 | Orc:2    | Found Dun Fura's Antique Weapon Shop.
 29195 | Orc:2    | Bought a runed plate armour for 832 gold pieces
 29307 | Orc:2    | Bought a polished scimitar for 261 gold pieces
 29317 | Orc:2    | Identified the +6 scimitar "Ulagacziu" {venom, rC+ MR-
                  | Int+9 Dex+2} (You bought it in a shop on level 2 of the
                  | Orcish Mines)
 29372 | Elf:1    | Entered Level 1 of the Elven Halls
 29404 | Elf:1    | Reached skill level 16 in Shields
 30012 | Elf:1    | Found Aghacsy's Magic Scroll Emporium.
 30512 | Elf:1    | Identified Kikubaaqudgha's Guide on Stolen Souls
 30883 | Elf:2    | Reached skill level 5 in Long Blades
 30926 | Elf:2    | Found Dulesuth's Armour Shop.
 31144 | Elf:2    | Reached skill level 10 in Dodging
 31395 | Elf:2    | Found a runed translucent gate.
 31395 | Elf:2    | Found a runed translucent gate.
 31395 | Elf:2    | Found a runed translucent gate.
 31420 | Elf:2    | Reached skill level 1 in Evocations
 32051 | Elf:2    | Received a gift from Okawaru
 32648 | Elf:2    | Received a gift from Okawaru
 33652 | Elf:3    | Entered Level 3 of the Elven Halls
 33810 | Elf:3    | Found Nololya's Magic Scroll Shop.
 33935 | Elf:3    | Bought a scroll of silence for 120 gold pieces
 33965 | Elf:3    | Received a gift from Okawaru
 34069 | Elf:3    | Reached XP level 17. HP: 66/151 MP: 22/22
 34501 | Elf:3    | Got a smoking chain mail
 34512 | Elf:3    | Identified the cursed +0 chain mail "Uhuostar" {*Slow rElec
                  | rPois SInv} (You found it on level 3 of the Elven Halls)
 35022 | Elf:3    | Noticed Donald
 35031 | Elf:3    | Killed Donald
 35031 | Elf:3    | Reached skill level 17 in Shields
 35216 | Elf:3    | Noticed a deep elf blademaster
 35219 | Elf:3    | Noticed a deep elf blademaster
 35219 | Elf:3    | Noticed a deep elf master archer
 35226 | Elf:3    | Noticed a deep elf master archer
 35232 | Elf:3    | Noticed a Brimstone Fiend
 35232 | Elf:3    | Noticed a Hell Sentinel
 35240 | Elf:3    | Killed a deep elf blademaster
 35243 | Elf:3    | Noticed a Tzitzimitl
 35246 | Elf:3    | Slain by a deep elf blademaster

Levels and vault maps discovered:
D:1:      ldierk_walled_garden, layout_rooms, minmay_bisected
D:2:      layout_loops_ring, gammafunk_temple_overflow_pools
D:3:      layout_basic, item_on_display_a
D:4:      layout_cave_pools, first_ration, minmay_misc_feat_tiny,
          minmay_shop_mass
D:5:      layout_rooms, kennysheep_little_box, lemuel_coloured_pillars_altar,
          uniq_menkaure
D:6:      kennysheep_spiral_hall, layout_loops_ring,
          minmay_temple_entry_sparse_star, serial_rivers,
          chequers_serial_rivers_micro_c, chequers_serial_rivers_marsh,
          chequers_serial_rivers_marsh, chequers_serial_rivers_small_3,
          serial_shops, shop, uniq_blork_the_orc
D:7:      layout_basic, zin_angel, enter_ossuary_3, uniq_pikel,
          uniq_crazy_yiuf_cottage
D:8:      layout_rooms, kennysheep_small_square
D:9:      layout_gridville, overflow_temple_1_default, lair_entry_dummy,
          grunt_pizzeria, nicolae_ru_awakened_eye, uniq_harold
D:10:     kennysheep_steamy, layout_loops_ring
D:11:     layout_loops_ring, minmay_orc_entry_temple_small,
          nicolae_underground_beach, uniq_psyche
D:12:     layout_loops_ring, portal_ice_cave_entry_pillars_1,
          lemuel_freeze_loot_1, uniq_nessos, uniq_fannar, uniq_sonja, uniq_kirke
D:13:     layout_roguey, serial_shops, nicolae_shop_crystal,
          ebering_dispersal_statue_hall, lemuel_oklob_altar
D:14:     layout_loops_ring, david_vaults_5, minmay_misc_feat_more_columns,
          chequers_serial_rivers_micro_a
Temple:   eino_temple_scatter_basement
Lair:1:   wad_woods_minihive, layout_cave_shapes, chequers_serial_rivers_small_b
Lair:2:   layout_cave_shapes, eino_house_with_fridge, grunt_megastairs_3
Lair:3:   layout_gridlike, spider_nest_entry_webs, basic_altar
Lair:4:   layout_loops_ring, elwin_shoals_entry_rooms,
          kennysheep_basilisk_garden, minmay_lair_oklob_chamber,
          serial_bayou_shore_a
Lair:5:   layout_cave_pods
Lair:6:   due_jungle_book, layout_loops_ring, minmay_slime_entry_oklob_open
Orc:1:    layout_diamond_mine, minmay_orc_keep
Orc:2:    grunt_orc_gardens, layout_diamond_mine, grunt_orc_garden,
          grunt_orc_garden, grunt_orc_garden, grunt_orc_garden, mines2_david
Elf:1:    elf_arrival_001, layout_geoelf_octagon, serial_shops, shop,
          serial_glass, glass_columns_c, glass_columns_a, minmay_elf_necromancy
Elf:2:    layout_geoelf_diagonals, serial_shops, shop
Elf:3:    elf_hall, layout_geoelf_castle, serial_shops, shop,
          minmay_misc_feat_rows, uniq_donald

Skill      XL: |  1  2  3  4  5  6  7  8  9 10 11 12 13 14 15 16 17 |
---------------+----------------------------------------------------+-----
Shields        | 4 5 6 7 9 11 12 14 15 16 17 | 17.0
Fighting       | 4 5 6 7 8 9 10 11 12 13 14 | 14.0
Armour         | 4 5 6 7 8 9 10 11 13 | 13.3
Maces & Flails | 3 4 5 6 7 9 10 11 12 13 14 | 14.2
Dodging        | 1 2 3 4 5 6 7 8 9 10 | 10.5
Unarmed Combat | 1 2 3 |  3.4
Throwing       | 1 2 3 4 5 6 |  6.4
Invocations    | 1 3 4 5 6 8 9 |  9.1
Crossbows      | 2 4 6 |  6.9
Polearms       | 2 5 |  5.3
Stealth        | 1 2 |  2.0
Long Blades    | 2 3 5 6 |  6.2
Evocations     | 1 |  1.2
Short Blades   | |  0.1
Spellcasting   | |  0.4

Action                   |  1- 3 |  4- 6 |  7- 9 | 10-12 | 13-15 | 16-18 || total
-------------------------+-------+-------+-------+-------+-------+-------++-------
Melee: Flail             |    46 |       |       |    52 |    73 |       ||   171
       Headbutt          |    14 |    39 |   114 |   236 |   353 |   143 ||   899
       Mace              |    23 |   190 |   516 |   800 |       |       ||  1529
       Hunting sling     |       |    29 |       |       |       |       ||    29
       Morningstar       |       |       |       |   173 |   273 |       ||   446
       Dire flail        |       |       |       |     8 |       |       ||     8
       Unarmed           |       |       |       |       |   106 |       ||   106
       Spear             |       |       |       |       |   227 |       ||   227
       Dagger            |       |       |       |       |     8 |       ||     8
       Eveningstar       |       |       |       |       |   317 |   591 ||   908
       Long sword        |       |       |       |       |    49 |       ||    49
       Hand crossbow     |       |       |       |       |     5 |       ||     5
       Scimitar          |       |       |       |       |       |    23 ||    23
 Fire: Hand crossbow     |       |       |       |       |    47 |    32 ||    79
Throw: Dart              |       |    12 |     8 |       |    39 |       ||    59
       Boomerang         |       |       |    33 |    11 |       |       ||    44
       Throwing net      |       |       |     1 |     2 |    12 |       ||    15
Invok: Heroism           |       |       |     1 |    12 |    12 |     8 ||    33
       Finesse           |       |       |       |       |     1 |     1 ||     2
Evoke: Wand              |       |       |     2 |     1 |     6 |    14 ||    23
  Use: Scroll            |       |     5 |     9 |    10 |    15 |    12 ||    51
       Potion            |       |       |     5 |    10 |     7 |     5 ||    27
 Stab: Held in net/web   |       |       |       |     1 |     3 |       ||     4
  Eat: Chunk             |       |     5 |     7 |     6 |    13 |     6 ||    37
       Ration            |       |     1 |     4 |     7 |     7 |     4 ||    23
Armor: Scale mail        |    34 |    27 |       |       |       |       ||    61
       Chain mail        |       |    45 |       |       |   298 |   112 ||   455
       Plate armour      |       |    18 |   199 |   475 |    13 |    29 ||   734
Dodge: Dodged            |    19 |    47 |    49 |   351 |   492 |   267 ||  1225
Block: Shield            |    39 |   102 |       |       |       |    35 ||   176
       Large shield      |       |    13 |   447 |  1338 |   349 |       ||  2147
       Buckler           |       |       |       |       |   310 |   214 ||   524
       Rpst.: Long sword |       |       |       |       |     7 |       ||     7
       Scimitar          |       |       |       |       |       |     3 ||     3
